 Dungeon Crawl Stone Soup version 0.26.1-11-gd32895ea62 (webtiles) character file.

Game seed: 17308711544628846839

111 raph the Grave Robber (level 4, -1/36 HPs)
             Began as a Deep Dwarf Necromancer on June 27, 2021.
             Slain by a gnoll
             ... wielding a +0 spear
              (4 damage)
             ... on level 3 of the Dungeon.
             The game lasted 00:06:12 (3134 turns).

raph the Grave Robber (Deep Dwarf Necromancer)      Turns: 3134, Time: 00:06:12

Health: -1/36      AC:  2    Str: 11    XL:     4   Next: 62%
Magic:  5/6        EV: 12    Int: 17    God:
Gold:   166        SH:  0    Dex: 13    Spells: 1/6 levels left

rFire    . . .     SeeInvis .   k - +0 dagger (speed)
rCold    . . .     Faith    .   (no shield)
rNeg     . . .     Spirit   .   a - +0 robe
rPois    .         Reflect  .   l - +0 hat
rElec    .         Harm     .   (no cloak)
rCorr    .         Rampage  .   (no gloves)
Will     .....                  (no boots)
Stlth    ++........             (no amulet)
HPRegen  0.00/turn              (no ring)
MPRegen  0.10/turn              (no ring)

@: non-regenerating
A: damage resistance, heal wounds, sense surroundings 1, no regeneration
a: Heal Wounds


You were on level 3 of the Dungeon.
You visited 1 branch of the dungeon, and saw 3 of its levels.

You collected 166 gold pieces.

Inventory:

Hand Weapons
 c - a +0 dagger
 j - a +0 rapier
 k - a +0 dagger of speed (weapon)
Armour
 a - a +0 robe (worn)
 l - a +0 hat (worn)
Scrolls
 e - a scroll of fear {unknown}
 f - 2 scrolls of teleportation
Potions
 b - 2 potions of cancellation
 d - a potion of magic {unknown}
 g - a potion of flight {unknown}
 h - a potion of curing {unknown}
 i - a potion of resistance {unknown}


   Skills:
 - Level 2.1 Dodging
 - Level 2.4 Stealth
 - Level 1.7 Spellcasting
 + Level 6.7 Necromancy


You had one spell level left.
You knew the following spells:

 Your Spells              Type           Power        Failure   Level
a - Pain                  Necr           96%          1%          1
b - Animate Skeleton      Necr           48%          1%          1
c - Vampiric Draining     Necr           12%          3%          3

Your spell library contained the following spells:

 Spells                   Type           Power        Failure   Level
 Animate Dead             Necr           12%          13%         4
 Agony                    Necr           24%          34%         5


Dungeon Overview and Level Annotations

Branches:
Dungeon (3/15)

Altars:
The Shining One

Annotations:
D:2 Robin, Sigmund


Innate Abilities, Weirdness & Mutations

You are resistant to damage.
You can heal yourself by infusing magical energy.
You passively map a small area around you.
You do not regenerate.


Message History

You hit the gnoll.
The gnoll is almost dead.
The gnoll hits you from afar with a +0 spear!
* * * LOW HITPOINT WARNING * * *
The gnoll hits you.
You see here a cursed -3 dagger.
Aiming: Pain (safe; 1% risk of failure)
Press: ? - help, Q - select action, (/) - cycle Shift-Dir - straight line, f/p - gnoll
Aim: a gnoll (almost dead, chance to affect: 88%)
The gnoll writhes in agony.
You kill the gnoll!
Press: ? - help, v - describe, . - travel, g - get item Item here: a cursed -3 dagger.
The floor.
There is a stone staircase leading up here.
You see here a +0 club.
The gnoll hits you from afar with a +0 spear.
* * * LOW HITPOINT WARNING * * *
The gnoll hits you with a +0 spear.
You die...

#.# #.###.#########........
#.# #......................
#.# #####.############.....
#.# #.# #..... #.# #.# #.....
#.########.############..>..
#...........>...............
##########...###.###########
#.@g....###....####
##.......).........
#.#.#..###....####
#.###..###########
#...............<#
###########################.#
#...........................#
##.###....################..#
#.# #....##.........# #..#


You could see a gnoll.

Vanquished Creatures
  3 gnolls (D:3)
  2 adders
  A dart slug (D:1)
  A leopard gecko (D:3)
  2 orcs
  3 giant cockroaches
  7 hobgoblins
  4 jackals (D:1)
  4 kobolds
  A ball python (D:3)
  3 bats (D:1)
  3 frilled lizards
  16 goblins
  6 rats
56 creatures vanquished.

Notes
Turn   | Place    | Note
-------+----------+-------------------------------------------
     0 | D:1      | raph the Deep Dwarf Necromancer began the quest for the
                  | Orb.
     0 | D:1      | Reached XP level 1. HP: 15/15 MP: 3/3
     4 | D:1      | Learned a level 1 spell: Animate Skeleton
   521 | D:1      | Found a glowing golden altar of the Shining One.
   581 | D:1      | Reached XP level 2. HP: 22/22 MP: 2/4
   599 | D:1      | Reached skill level 5 in Necromancy
  1300 | D:1      | Reached XP level 3. HP: 22/28 MP: 3/5
  1347 | D:1      | Learned a level 3 spell: Vampiric Draining
  1493 | D:2      | Noticed Sigmund
  1772 | D:2      | Noticed Robin
  1859 | D:3      | Reached skill level 6 in Necromancy
  2907 | D:3      | Reached XP level 4. HP: 32/36 MP: 3/6
  3134 | D:3      | Slain by a gnoll

Illustrated notes

Levels and vault maps discovered:
D:1:      lightli_arrival_boilingwater, layout_basic, serial_co_window_serial,
          co_window_paths_a, co_window_paths_b, co_window_corner_a,
          co_window_of_opportunity_a, co_window_corner_a, co_window_corner_a,
          co_window_broadway_b, co_window_2corner, co_window_corner_cb,
          co_window_broadway_b, glass_columns_c, tso_altar
D:2:      cheibrodos_pilgrimage, layout_loops_corners, uniq_robin, uniq_sigmund
D:3:      layout_basic, kennysheep_generic_room_4

Skill      XL: |  1  2  3 |
---------------+----------+-----
Necromancy     | 5 6 |  6.7
Dodging        | |  2.1
Stealth        | |  2.4
Spellcasting   | |  1.7

Action                   |  1- 3 |  4- 6 || total
-------------------------+-------+-------++-------
Melee: Dagger            |    36 |    15 ||    51
       Rapier            |       |    14 ||    14
 Cast: Pain              |    75 |    13 ||    88
       Animate Skeleton  |     2 |     2 ||     4
       Vampiric Draining |     4 |       ||     4
  Use: Scroll            |     4 |       ||     4
       Potion            |     1 |       ||     1
Armor: Robe              |    12 |     3 ||    15
Dodge: Dodged            |    48 |    24 ||    72
